 Dungeon Crawl Stone Soup version 0.30-a0-800-g7c544603b3 (webtiles) character file.

Game seed: 10026964495478137629

60 ders the Digger (level 4, -2/27 HPs)
             Began as an Octopode Earth Elementalist on Feb 21, 2023.
             Slain by a black bear (7 damage)
             ... on level 3 of the Dungeon.
             The game lasted 00:02:40 (1756 turns).

ders the Digger (Octopode Earth Elementalist)       Turns: 1756, Time: 00:02:40

Health: -2/27      AC:  1    Str:  7    XL:     4   Next: 6%
Magic:  3/7        EV: 13    Int: 19    God:
Gold:   100        SH:  0    Dex: 12    Spells: 7/8 levels left

rFire   . . .      SeeInvis .    b - +3 sling
rCold   . . .      Faith    .    (no shield)
rNeg    . . .      Spirit   .    (helmet restricted)
rPois   .          Reflect  .    (no amulet)
rElec   .          Harm     .    j - ring of willpower
rCorr   .          Rampage  .    (no ring)
Will    +....                    (no ring)
Stlth   +++                      (no ring)
HPRegen 0.24/turn                (no ring)
MPRegen 0.10/turn                (no ring)
                                 (no ring)
                                 (no ring)

@: very slightly contaminated
A: almost no armour, amphibious, 8 rings, camouflage 1, gelatinous body 1,
(nimble swimmer 1), tentacles
a: no special abilities


You were on level 3 of the Dungeon.
You visited 1 branch of the dungeon, and saw 3 of its levels.

You collected 100 gold pieces.

Inventory:

Hand Weapons
 b - a +3 sling (weapon)
Armour
 i - a scarf of resistance
Jewellery
 j - a ring of willpower (left tentacle)
Scrolls
 c - a scroll of vulnerability {unknown}
 d - a scroll of identify {unknown}
 l - 2 scrolls of teleportation {unknown}
 n - a scroll of magic mapping {unknown}
Potions
 a - a potion of magic
 e - 2 potions of invisibility {unknown}
 f - a potion of curing {unknown}
 g - 3 potions of haste {unknown}
 h - a potion of flight {unknown}
 k - 2 potions of berserk rage {unknown}
 m - a potion of degeneration {unknown}


   Skills:
 - Level 2.0 Dodging
 - Level 2.6 Stealth
 + Level 2.5 Spellcasting
 * Level 2.0 Conjurations
 + Level 1.8 Transmutations
 + Level 3.4 Earth Magic


You had 7 spell levels left.
You knew the following spells:

 Your Spells              Type           Power      Damage    Failure   Level
a - Sandblast             Erth           30%        2d9       4%          1

Your spell library contained the following spells:

 Spells                   Type           Power      Damage    Failure   Level
 Passwall                 Tmut/Erth      10%        N/A       9%          2
 Stone Arrow              Conj/Erth      24%        3d8       16%         3
 Dazzling Flash           Conj/Hex       12%        N/A       32%         3
 Ignite Poison            Fire/Tmut/Pois 4%         N/A       36%         3
 Kindle Blastsparks       Fire/Tloc/Air  4%         2d10      43%         3
 Petrify                  Tmut/Erth      12%        N/A       47%         4
 Freezing Cloud           Conj/Ice/Air   2%         6-21      98%         5
 Agony                    Necr           2%         N/A       99%         5
 Silence                  Hex/Air        1%         N/A       99%         5


Dungeon Overview and Level Annotations

Branches:
Dungeon (3/15)

Altars:


Innate Abilities, Weirdness & Mutations

You cannot wear most types of armour.
You are amphibious.
You can wear up to eight rings at the same time.
Your skin changes colour to match your surroundings (Stealth+).
Your rubbery body absorbs attacks. (AC +1, EV +1)
((You are camouflaged when in or above water. (Stealth+)))
You have tentacles for arms and can constrict up to eight enemies at once.


Message History

You shoot a sling bullet. The sling bullet hits the black bear!
The black bear is heavily wounded.
Casting: Sandblast (safe; 4% risk of failure)
Confirm with . or Enter, or press ? or * to list all spells.
Aiming: Sandblast (safe; 4% risk of failure)
Press: ? - help, Shift-Dir - straight line, f/p - black bear
Aim: a black bear (heavily wounded, 87% to hit)
The blast of sand misses the black bear.
Unknown command.
Casting: Sandblast (safe; 4% risk of failure)
Confirm with . or Enter, or press ? or * to list all spells.
Aiming: Sandblast (safe; 4% risk of failure)
Press: ? - help, Shift-Dir - straight line, f/p - black bear
Aim: a black bear (heavily wounded, 87% to hit)
The blast of sand hits the black bear.
The black bear is severely wounded.
The black bear bites you but does no damage.
The black bear closely misses you. The black bear claws you.
The black bear misses you. The black bear claws you. The black bear misses you.
Unknown command.
Casting: Sandblast (safe; 4% risk of failure)
Confirm with . or Enter, or press ? or * to list all spells.
Aiming: Sandblast (safe; 4% risk of failure)
Press: ? - help, Shift-Dir - straight line, f/p - black bear
Aim: a black bear (severely wounded, 87% to hit)
The blast of sand hits the black bear!
The black bear is almost dead.
The black bear goes berserk!
Unknown command.
Casting: Sandblast (safe; 4% risk of failure)
Confirm with . or Enter, or press ? or * to list all spells.
Aiming: Sandblast (safe; 4% risk of failure)
Press: ? - help, Shift-Dir - straight line, f/p - black bear
Aim: a black bear (almost dead, berserk, 87% to hit)
You miscast Sandblast.
You are very lightly contaminated with residual magic.
Nothing appears to happen.
The black bear bites you! The black bear claws you.
* * * LOW HITPOINT WARNING * * *
The black bear claws you!
You die...

.# ...## ...### ..?# #.###
#.####.#<#
#########@..##.#[#
#.......h##†##.#.#
#........##..#.#.# ###
###........###.#.#.# #<#
...........# #...#.## #.#
#........####.....# #.#
#....<...+.....#..###.####
#.>......#######.†.##....#
#........##......#.##....#


You could see a black bear (berserk).

Vanquished Creatures
  2 adders (D:2)
  3 dart slugs (D:1)
  4 bats
  3 endoplasms
  2 goblins (D:2)
  3 hobgoblins (D:1)
  3 kobolds
  10 ball pythons
  2 frilled lizards
  3 rats (D:1)
35 creatures vanquished.

Notes
Turn   | Place    | Note
-------+----------+-------------------------------------------
     0 | D:1      | ders the Octopode Earth Elementalist began the quest for
                  | the Orb.
     0 | D:1      | Reached XP level 1. HP: 11/11 MP: 3/3
   204 | D:1      | Reached XP level 2. HP: 17/17 MP: 3/5
   259 | D:1      | Reached skill level 1 in Conjurations
   705 | D:2      | Reached XP level 3. HP: 21/21 MP: 6/6
   780 | D:2      | Found a faded altar of an unknown god.
  1675 | D:3      | Noticed a black bear
  1707 | D:3      | Reached XP level 4. HP: 27/27 MP: 7/7
  1756 | D:3      | Slain by a black bear

Illustrated notes

Levels and vault maps discovered:
D:1:      elethiomel_arrival_quiet, layout_basic, serial_aquarium,
          aquarium_bridge_long_separate [aquarium_subvault_bridge,
          aquarium_subvault_bridge, aquarium_subvault_bridge,
          aquarium_subvault_bridge, aquarium_subvault_wall,
          aquarium_subvault_wall], aquarium_window_2, aquarium_window_fake,
          aquarium_view_2c, aquarium_balcony_3b
D:2:      layout_basic, nicolae_ecumenical_snake_handling, nrook_mini_backslash
D:3:      layout_basic, cheibrodos_worm_habitat, amcnicky_altar_gilded,
          serial_shops, shop, ebering_ghost_reflecting_pool

Skill      XL: |  1  2  3  4 |
---------------+-------------+-----
Conjurations   | 1 2 |  2.0
Dodging        | |  2.0
Stealth        | |  2.6
Spellcasting   | |  2.5
Transmutations | |  1.8
Earth Magic    | |  3.4

Action                     |  1- 3 |  4- 6 || total
---------------------------+-------+-------++-------
   Fire: Sling             |    52 |     8 ||    60
   Cast: Sandblast         |    18 |     3 ||    21
 Armour: Skin              |     1 |     1 ||     2
  Dodge: Dodged            |    15 |     6 ||    21

Table legend: (Time is in decaauts)
 A = Elapsed time spent in this place.
 B = Non-inter-level travel time spent in this place.
 C = Inter-level travel time spent in this place.
 D = Time resting spent in this place.
 E = Time spent auto-exploring this place.
 F = Levels seen in this place.
 G = Mean time per level.
                   A        B        C        D        E       F      G
               +--------+--------+--------+--------+--------+-----+--------+
         Total |   1789 |   1698 |     91 |      5 |   1484 |   3 |  596.3 |
       Dungeon |   1789 |   1698 |     91 |      5 |   1484 |   3 |  596.3 |
               +--------+--------+--------+--------+--------+-----+--------+

Top non-repeatable levels by time:
     D:2: 1032 daAuts
     D:1: 698 daAuts
     D:3: 57 daAuts
